 Dungeon Crawl Stone Soup version 0.24-a0-584-g9d6b971 (webtiles) character file.

Game seed: 13292654843814122364, levelgen mode: deterministic

22 BRANGAR the Shooter (level 3, 27/27 HPs)
             Began as a Human Wanderer on Sept 6, 2019.
             Quit the game on level 2 of the Dungeon.
             The game lasted 00:05:57 (1098 turns).

BRANGAR the Shooter (Human Wanderer)                Turns: 1098, Time: 00:05:58

Health: 27/27      AC:  8    Str: 11    XL:     3   Next: 7%
Magic:  3/3        EV:  8    Int: 15    God:
Gold:   111        SH:  0    Dex: 11    Spells: 2/2 levels left

rFire    . . .     SeeInvis .   a - +0 dagger
rCold    . . .     Gourm    .   (no shield)
rNeg     . . .     Faith    .   d - +2 scale mail
rPois    .         Spirit   .   (no helmet)
rElec    .         Reflect  .   (no cloak)
rCorr    .         Harm     .   (no gloves)
MR       .....                  (no boots)
Stlth    ..........             (no amulet)
HPRegen  0.09/turn              (no ring)
MPRegen  0.08/turn              (no ring)

@: no status effects
A: no striking features
a: no special abilities


You were on level 2 of the Dungeon.
You were hungry.

You visited 1 branch of the dungeon, and saw 2 of its levels.

You collected 111 gold pieces.

Inventory:

Hand Weapons
 a - a +0 dagger (weapon)
Armour
 d - a +2 scale mail (worn)
Scrolls
 g - 2 scrolls of teleportation {unknown}
 h - a scroll of enchant armour {unknown}
 i - 3 scrolls of identify
 l - a scroll of enchant weapon {unknown}
Potions
 b - a potion of lignification
 c - 3 potions of curing
 e - a potion of haste {unknown}
 j - a potion of mutation {unknown}
 k - a potion of agility {unknown}
Comestibles
 f - 5 rations


   Skills:
 + Level 2.2 Fighting
 + Level 0.5 Short Blades
   Level 4.0 Bows
 + Level 2.9 Armour
 + Level 0.2 Dodging
 + Level 1.0 Stealth
   Level 1.0 Evocations


You had 2 spell levels left.
You didn't know any spells.
Your spell library was empty.

Dungeon Overview and Level Annotations

Branches:
Dungeon (2/15)

Altars:


Message History

The kobold hits you but does no damage.
You closely miss the kobold. The kobold hits you but does no damage.
You hit the kobold.
The kobold is heavily wounded.
The kobold hits you but does no damage.
Unknown command.
You hit the kobold.
You kill the kobold!
No target in view!
g - a scroll labeled PODIAR WAOHANYSU You see here 11 stones.
h - a scroll labeled BYITIM BIAQ
i - 3 scrolls of identify (gained 1)
Things that are here:
a stone; a +0 dagger; a kobold corpse
g - 2 scrolls labeled PODIAR WAOHANYSU (gained 1)
An adder comes into view.
The adder hisses angrily.
The adder moves out of view.
Are you sure you want to abandon this character and quit the game? (Confirm with "yes".)

####...♣♣ #.#.(♣ ♣
.. ##+#(♣♣ .♣ ..#
##...(.♣ ♣♣ ♣. ♣..#
##..(...♣♣.♣ . ...
##.((......♣♣♣♣.♣..#
#(..........♣.♣♣.#.#
'..................#
#..........###..@#
##.......#.###..##.#
##.....##.........#
##...#######.#####
##+## #.# #.# #.#
#.# #.#


There were no monsters in sight!

Vanquished Creatures
  A leopard gecko (D:1)
  A giant cockroach (D:1)
  2 goblins (D:1)
  A hobgoblin (D:1)
  A quokka (D:2)
  A bat (D:1)
  A frilled lizard (D:1)
  7 kobolds
  7 rats
22 creatures vanquished.

Notes
Turn   | Place    | Note
-------+----------+-------------------------------------------
     0 | D:1      | BRANGAR the Human Wanderer began the quest for the Orb.
     0 | D:1      | BRANGAR set off with the following items: a +0 dagger, a
                  | potion of lignification, a potion of curing, a +2 scale
                  | mail, a ration
     0 | D:1      | Reached XP level 1. HP: 16/16 MP: 1/1
   274 | D:1      | Reached XP level 2. HP: 14/22 MP: 2/2
  1059 | D:2      | Reached XP level 3. HP: 27/27 MP: 3/3
  1098 | D:2      | Quit the game

Levels and vault maps discovered:
D:1:      lightli_iron_boxes, layout_basic, serial_forest,
          infiniplex_forest_lined_corner, infiniplex_forest_lined_room_3,
          infiniplex_forest_clump_tiny, infiniplex_forest_clump_curved,
          infiniplex_forest_clump_medium, infiniplex_forest_end_1,
          infiniplex_forest_clump_small
D:2:      layout_loops_corners, chequers_ecumenical_altar_grove,
          grunt_gozag_statues

Action                   || total
-------------------------++-------
Melee: Dagger            ||   146
  Use: Scroll            ||     3
Armor: Scale mail        ||    72
Dodge: Dodged            ||    61

Table legend:
 A = Non-vault XP
 B = Vault XP
 C = Vault XP percentage of total XP
 D = Non-vault monster count
 E = Vault monster count
 F = Vault count percentage of total count
                 A         B        C        D         E       F
            +---------+---------+-------+---------+---------+-------
      Total |      32 |       0 |   0.0 |      22 |       0 |   0.0
            +---------+---------+-------+---------+---------+-------
        D:1 |      22 |       0 |   0.0 |      16 |       0 |   0.0
        D:2 |      10 |       0 |   0.0 |       6 |       0 |   0.0
            +---------+---------+-------+---------+---------+-------
